 Dungeon Crawl Stone Soup version 0.30-a0-639-g3916f1956a (webtiles) character file.

Game seed: 16557502528541773190

49 themarg the Charlatan (level 3, 0/26 HPs)
             Began as a Gnoll Wanderer on Jan 15, 2023.
             Was a Plaything of Xom.
             Slain by Robin
             ... wielding a +3 spear
              (5 damage)
             ... on level 3 of the Dungeon.
             The game lasted 00:04:01 (2582 turns).

themarg the Charlatan (Gnoll Wanderer)              Turns: 2582, Time: 00:04:02

Health: 0/26       AC:  2    Str: 10    XL:     3   Next: 75%
Magic:  4/7        EV: 11    Int: 13    God:    Xom [..*...]
Gold:   51         SH:  0    Dex: 12    Spells: 6/7 levels left

rFire   . . .      SeeInvis .    a - +0 dagger
rCold   . . .      Faith    .    (no shield)
rNeg    . . .      Spirit   .    d - +0 robe
rPois   .          Reflect  .    (no helmet)
rElec   .          Harm     .    k - scarf {+Inv}
rCorr   .          Rampage  .    (no gloves)
Will    .....                    (no boots)
Stlth   ++++                     (no amulet)
HPRegen 0.24/turn                (no ring)
MPRegen 0.10/turn                (no ring)

@: especially stealthy
A: fangs 1, strong nose, distributed training
a: Renounce Religion, Evoke Invisibility


You were on level 3 of the Dungeon.
You worshipped Xom.
You were a toy of Xom.
You visited 1 branch of the dungeon, and saw 3 of its levels.

You collected 111 gold pieces.
You spent 60 gold pieces at shops.

Inventory:

Hand Weapons
 a - a +0 dagger (weapon)
Missiles
 m - 25 stones
 p - 3 poisoned darts
Armour
 d - a +0 robe (worn)
 k - a scarf of invisibility (worn)
Magical Staves
 j - a staff of cold
Scrolls
 e - a scroll of fog
 f - 2 scrolls of poison {unknown}
 h - 2 scrolls of teleportation
 o - 3 scrolls of identify {unknown}
 q - a scroll of fear {unknown}
 s - a scroll of magic mapping {unknown}
Potions
 c - a potion of haste
 g - a potion of heal wounds {unknown}
 i - a potion of lignification {unknown}
 l - 3 potions of curing {unknown}
 n - a potion of resistance {unknown}
 r - a potion of flight
Miscellaneous
 b - a piece from Xom's chessboard (15/15)


   Skills:
 + Level 1.0 Fighting
 + Level 1.0 Short Blades
 + Level 1.0 Long Blades
 + Level 1.0 Axes
 + Level 1.0 Maces & Flails
 + Level 1.0 Polearms
 + Level 1.0 Staves
 + Level 1.0 Ranged Weapons
 + Level 2.6 Throwing
 + Level 1.0 Armour
 + Level 1.0 Dodging
 + Level 1.0 Stealth
 + Level 1.0 Shields
 + Level 4.6 Unarmed Combat
 + Level 2.9 Spellcasting
 + Level 5.4 Conjurations
 + Level 0.7 Hexes
 + Level 0.7 Summonings
 + Level 0.7 Necromancy
 + Level 0.7 Translocations
 + Level 0.7 Transmutations
 + Level 0.7 Fire Magic
 + Level 0.7 Ice Magic
 + Level 0.7 Air Magic
 + Level 0.7 Earth Magic
 + Level 0.7 Poison Magic
 + Level 1.0 Invocations
 + Level 6.5 Evocations


You had 6 spell levels left.
You knew the following spells:

 Your Spells              Type           Power      Damage    Failure   Level
a - Foxfire               Conj/Fire      36%        2x1d5     7%          1

Your spell library contained the following spells:

 Spells                   Type           Power      Damage    Failure   Level
 Kiss of Death            Conj/Necr      36%        2d8       7%          1
 Stone Arrow              Conj/Erth      18%        3d8       21%         3
 Confusing Touch          Hex            3%         N/A       45%         3
 Fulminant Prism          Conj/Hex       4%         3d5       54%         4
 Dispel Undead            Necr           3%         3d7       86%         4


Dungeon Overview and Level Annotations

Branches:
Dungeon (3/15)

Altars:
Xom

Shops:
D:2 *

Annotations:
D:3 Robin


Innate Abilities, Weirdness & Mutations

You have very sharp teeth.
Your uncanny sense of smell can sniff out nearby items.
Your experience applies equally to all skills.


Message History

Your foxfire dissipates!
The foxfire hits Robin but does no damage.
A goblin comes into view. It is wielding a +0 club.
Robin hits you from afar with a +3 spear.
Robin closely misses you.
The goblin shouts!
You hit Robin but do no damage. You bite Robin, but do no damage.
Robin misses you.
A goblin comes into view. It is wielding a +0 dagger.
You closely miss Robin. Robin misses you.
You closely miss Robin. Robin hits you but does no damage.
You completely miss Robin.
Robin roars a battlecry!
The goblins go into a battle-frenzy!
The goblin shouts!
You completely miss Robin. You punch Robin. Your bite misses Robin.
Robin is moderately wounded.
Robin throws the goblin at you! The goblin hits you with a +0 club.
You conjure some foxfire!
Robin hits you with a +3 spear. The goblin closely misses you.
You closely miss Robin.
Robin is moderately wounded.
The foxfire hits the goblin.
You kill the goblin!
Robin throws the goblin at you!
You hit Robin but do no damage. You punch Robin, but do no damage.
Robin is moderately wounded.
The goblin closely misses you. Robin closely misses you.
You conjure some foxfire!
Robin hits you with a +3 spear. The goblin hits you with a +0 dagger.
* * * LOW HITPOINT WARNING * * *
You barely miss Robin.
Robin is moderately wounded.
The hobgoblin no longer looks unusually strong.
The foxfire hits the goblin.
The goblin is moderately wounded.
The goblin hits you with a +0 dagger.
* * * LOW HITPOINT WARNING * * *
Robin hits you with a +3 spear.
You die...

### ..# #.#
#.# # ..
#.#.#
....###.#.#
#)...gg<#
#g#
#.#####@#
#......g#
#.#######


You could see Robin, 2 hobgoblins and a goblin (strong).

Vanquished Creatures
  2 dart slugs
  4 endoplasms
  2 giant cockroaches
  5 goblins
  4 hobgoblins
  4 jackals (D:2)
  3 ball pythons
  2 bats (D:2)
  6 frilled lizards
  4 kobolds
  7 rats (D:1)
43 creatures vanquished.

Vanquished Creatures (collateral kills)
  A foxfire (D:1)
1 creature vanquished.

Vanquished Creatures (others)
  105 foxfires
  3 plants (D:1)
108 creatures vanquished.

Grand Total: 152 creatures vanquished

Notes
Turn   | Place    | Note
-------+----------+-------------------------------------------
     0 | D:1      | themarg the Gnoll Wanderer began the quest for the Orb.
     0 | D:1      | themarg set off with the following items: a +0 dagger, a
                  | piece from Xom's chessboard (15/15), a potion of haste, a
                  | +0 robe, a scroll of fog; and the following spell
                  | memorised: Foxfire; and the following spells available to
                  | memorise: Stone Arrow, Fulminant Prism.
     0 | D:1      | Reached XP level 1. HP: 13/13 MP: 4/4
   266 | D:1      | Reached XP level 2. HP: 10/19 MP: 0/5
  1314 | D:2      | Found Saohenec's General Store.
  1400 | D:2      | Reached XP level 3. HP: 25/25 MP: 2/7
  1666 | D:2      | Reached skill level 1 in Invocations
  2022 | D:2      | Found a faded altar of an unknown god.
  2022 | D:2      | Noticed a hellion
  2032 | D:2      | Prayed at the altar of an unknown god.
  2032 | D:2      | Became a worshipper of Xom of Chaos
  2261 | D:2      | Bought a potion of flight for 30 gold pieces
  2261 | D:2      | Bought a scroll of teleportation for 30 gold pieces
  2478 | D:2      | XOM: cloud trail
  2562 | D:3      | XOM: stealth player
  2562 | D:3      | Noticed Robin
  2568 | D:3      | Reached skill level 1 in Fighting
  2568 | D:3      | Reached skill level 1 in Short Blades
  2568 | D:3      | Reached skill level 1 in Long Blades
  2568 | D:3      | Reached skill level 1 in Axes
  2568 | D:3      | Reached skill level 1 in Maces & Flails
  2568 | D:3      | Reached skill level 1 in Polearms
  2568 | D:3      | Reached skill level 1 in Staves
  2568 | D:3      | Reached skill level 1 in Ranged Weapons
  2568 | D:3      | Reached skill level 1 in Armour
  2568 | D:3      | Reached skill level 1 in Dodging
  2568 | D:3      | Reached skill level 1 in Stealth
  2568 | D:3      | Reached skill level 1 in Shields
  2582 | D:3      | Slain by Robin

Illustrated notes

Levels and vault maps discovered:
D:1:      matt_arrival_refuge, layout_basic, serial_bayou,
          serial_bayou_crossing, serial_bayou_pond_c, serial_bayou_pond_c,
          serial_bayou_pond_d
D:2:      layout_basic, serial_shops, nicolae_shop_window_shopping,
          dreamdust_ecumenical_altar_sealed_demon, minmay_tetromino_l2
D:3:      layout_loops_corners, nrook_campfire, uniq_robin

Skill      XL: |  1  2  3 |
---------------+----------+-----
Invocations    | 1 |  1.0
Fighting       | 1 |  1.0
Short Blades   | 1 |  1.0
Long Blades    | 1 |  1.0
Axes           | 1 |  1.0
Maces & Flails | 1 |  1.0
Polearms       | 1 |  1.0
Staves         | 1 |  1.0
Ranged Weapons | 1 |  1.0
Armour         | 1 |  1.0
Dodging        | 1 |  1.0
Stealth        | 1 |  1.0
Shields        | 1 |  1.0
Throwing       | |  2.6
Unarmed Combat | |  4.6
Spellcasting   | |  2.9
Conjurations   | |  5.4
Hexes          | |  0.7
Summonings     | |  0.7
Necromancy     | |  0.7
Translocations | |  0.7
Transmutations | |  0.7
Fire Magic     | |  0.7
Ice Magic      | |  0.7
Air Magic      | |  0.7
Earth Magic    | |  0.7
Poison Magic   | |  0.7
Evocations     | |  6.5

Action                   || total
-------------------------++-------
Melee: Dagger            ||    41
       Punch             ||     6
       Bite              ||     5
 Cast: Foxfire           ||    73
Armor: Robe              ||    14
Dodge: Dodged            ||    40

Table legend: (Time is in decaauts)
 A = Elapsed time spent in this place.
 B = Non-inter-level travel time spent in this place.
 C = Inter-level travel time spent in this place.
 D = Time resting spent in this place.
 E = Time spent auto-exploring this place.
 F = Levels seen in this place.
 G = Mean time per level.
                   A        B        C        D        E       F      G
               +--------+--------+--------+--------+--------+-----+--------+
         Total |   2597 |   2561 |     36 |     21 |   2257 |   3 |  865.7 |
       Dungeon |   2597 |   2561 |     36 |     21 |   2257 |   3 |  865.7 |
               +--------+--------+--------+--------+--------+-----+--------+

Top non-repeatable levels by time:
     D:2: 1353 daAuts
     D:1: 1225 daAuts
     D:3: 19 daAuts
